 Dungeon Crawl Stone Soup version 0.18-a0-19-g8b99b3a (webtiles) character file.

1801 mrath the Digger (level 9, -8/73 HPs)
             Began as a Gargoyle Earth Elementalist on Nov 1, 2015.
             Was an Initiate of Vehumet.
             Mangled by an orc warrior
             ... wielding a +0 long sword
              (13 damage)
             ... on level 6 of the Dungeon.
             The game lasted 01:29:16 (9305 turns).

mrath the Digger (Gargoyle Earth Elementalist)      Turns: 9305, Time: 01:29:17

Health: -8/73      AC: 24    Str: 12    XL:     9   Next: 9%
Magic:  16/19      EV:  2    Int: 19    God:    Vehumet [......]
Gold:   238        SH:  0    Dex: 10    Spells: 4 memorised, 11 levels left

rFire  . . .     SeeInvis .     A - +3 spear
rCold  . . .     Clarity  .     (armour currently unavailable)
rNeg   + + +     SustAt   .     (no shield)
rPois  ∞         Gourm    .     (helmet currently unavailable)
rElec  .         Spirit   .     (cloak currently unavailable)
rCorr  .         Warding  .     (gloves currently unavailable)
rMut   .         NoTele   +     (boots currently unavailable)
MR     .....                    (no amulet)
Stlth  ++........               (no ring)
                                s - ring of positive energy

@: tree-form, not resistant to hostile enchantments, unstealthy
A: negative energy resistance 1, (electricity resistance), (unbreathing),
petrification resistance, rot immunity, AC +5
a: Renounce Religion


You were on level 6 of the Dungeon.
You worshipped Vehumet.
Vehumet was noncommittal.
You were near starving.
You were a tree.
You visited 2 branches of the dungeon, and saw 8 of its levels.

You collected 238 gold pieces.

Inventory:

Hand Weapons
 u - a +0 quarterstaff
 x - a +0 hunting sling
 A - a +3 spear (weapon)
 H - a +0 morningstar
Missiles
 a - 155 stones (quivered)
 p - 86 sling bullets
Armour
 b - a +0 robe
 C - a +0 pair of boots (melded)
 I - a +0 cloak (melded)
 J - a +3 leather armour of cold resistance (melded)
Jewellery
 s - a ring of positive energy (left branch)
Wands
 B - a wand of polymorph (13)
Scrolls
 f - a scroll of identify
 g - 4 scrolls of remove curse
 j - 5 scrolls of enchant weapon {unknown}
 k - 3 scrolls of magic mapping {unknown}
 m - a scroll of teleportation {unknown}
 r - a scroll of fear {unknown}
 t - 3 scrolls of immolation {unknown}
 y - 2 scrolls of random uselessness {unknown}
 z - a scroll of blinking {unknown}
 L - a scroll of fog {unknown}
Potions
 e - a potion of invisibility {unknown}
 h - a potion of resistance {unknown}
 i - 7 potions of curing
 o - 2 potions of lignification
 q - 4 potions of flight
 v - 2 potions of heal wounds
 D - a potion of agility {unknown}
 E - a potion of berserk rage {unknown}
Comestibles
 c - 3 chunks of flesh
 d - 2 bread rations
 n - a meat ration


   Skills:
 + Level 2.7 Fighting
 + Level 2.1 Polearms
 + Level 2.2 Armour
 + Level 2.4 Dodging
 - Level 2.1 Stealth
 * Level 7.0 Spellcasting
 + Level 4.8 Conjurations
 - Level 0.7 Transmutations
 + Level 7.2 Earth Magic
 + Level 0.5 Evocations


You had 11 spell levels left.
You knew the following spells:

 Your Spells              Type           Power        Failure   Level  Hunger
a - Sandblast             Erth           ####..       1%          1    None
b - Stoneskin             Trmt/Erth      ###.....     3%          2    None
c - Stone Arrow           Conj/Erth      ####..       2%          3    #......
d - Lee's Rapid Deconstr  Erth           ####......   14%         5    #####..


Dungeon Overview and Level Annotations

Branches:
Dungeon (7/15)             Temple (1/1) D:5

Altars:
Ashenzari
Elyvilon
Fedhas
Kikubaaqudgha
Qazlal
Sif Muna
Trog
Vehumet
Xom

Annotations:
D:3 Sigmund


Innate Abilities, Weirdness & Mutations

You are resistant to torment.
((Your stone body is resilient (AC +5).))
You are immune to poison.
You resist negative energy.
((You are resistant to electric shocks.))
((You can survive without breathing.))
You are immune to petrification.
You are immune to rotting.


Message History

You are near starving!
You continue eating.
The orc warrior hits you but does no damage.
The hungry ghost hits you.
You feel somewhat more hungry.
You continue eating.
The orc warrior barely misses you. The hungry ghost hits you.
You are starving!
Eat one of 4 chunks of flesh? (ye/n/q/i?) This raw flesh tastes terrible.
You are feeling very hungry.
The orc warrior hits you with a long sword.
* * * LOW HITPOINT WARNING * * *
The hungry ghost hits you.
You are near starving!
You continue eating.
The orc warrior hits you but does no damage.
The hungry ghost hits you.
You feel somewhat more hungry.
You continue eating.
The orc warrior hits you with a long sword!
You die...

.#########.########.##.#####.#
................o##.##.# #.#
........##.#####.##.##o# #.#
#######.##.# #.##.##.# #.#
#.##.#####.##.##o# #.#
#....#.....o.(...# #.#
#.####.###.##o#### #.# #.# #.#
#o##.# #.# #.# #.#
#♣##.########)# #######.# #.#
#.Wo..........# ........# #.#
###########.### #######.# #.#
#.# #.# #.# #.### #.# #.#
#...# #.# #.#### ###.## #.#
#....###########...# #.#
#..................#


You could see a hungry ghost, an orc warrior and 3 orcs.

Vanquished Creatures
  Eustachio (D:4)
  2 sky beasts (D:5)
  2 ogres (D:5)
  2 necrophages
  3 ice beasts (D:5)
  2 centaurs
  2 jellies (D:5)
  A water moccasin skeleton (D:4)
  A centaur zombie (D:5)
  A crimson imp (D:6)
  A giant frog zombie (D:5)
  2 orc priests (D:4)
  Ijyb (D:3)
  2 worker ants (D:4)
  A hound (D:4)
  3 orc wizards
  4 gnolls
  8 adders
  4 worms
  4 giant geckos
  11 orcs
  3 giant cockroaches
  5 goblins
  7 hobgoblins
  8 jackals
  2 quokkas (D:5)
  A ball python (D:2)
  5 bats
  A giant gecko zombie (D:6)
  7 giant newts
  10 kobolds
  11 rats
118 creatures vanquished.

Notes
Turn   | Place    | Note
--------------------------------------------------------------
     0 | D:1      | mrath the Gargoyle Earth Elementalist began the quest for the Orb.
     0 | D:1      | Reached XP level 1. HP: 10/10 MP: 3/3
   239 | D:1      | Reached XP level 2. HP: 15/15 MP: 3/5
   588 | D:1      | Reached skill level 4 in Earth Magic
   588 | D:1      | Reached XP level 3. HP: 19/19 MP: 3/7
  1244 | D:1      | Learned a level 2 spell: Stoneskin
  1248 | D:1      | Learned a level 3 spell: Stone Arrow
  1762 | D:2      | Reached XP level 4. HP: 24/24 MP: 6/9
  2246 | D:2      | Found a deep blue altar of Sif Muna.
  2638 | D:2      | Reached skill level 1 in Conjurations
  3053 | D:3      | Noticed Sigmund
  3117 | D:3      | Noticed Ijyb
  3162 | D:3      | Reached XP level 5. HP: 28/28 MP: 5/10
  3848 | D:3      | Killed Ijyb
  4469 | D:4      | Reached skill level 5 in Earth Magic
  4469 | D:4      | Reached XP level 6. HP: 30/32 MP: 7/12
  5070 | D:4      | Reached skill level 5 in Spellcasting
  5239 | D:4      | Reached XP level 7. HP: 36/36 MP: 14/14
  5678 | D:5      | Entered Level 5 of the Dungeon
  5807 | D:5      | Noticed Eustachio
  5852 | D:4      | Killed Eustachio
  5852 | D:4      | Reached skill level 6 in Earth Magic
  6292 | D:5      | Reached XP level 8. HP: 27/41 MP: 6/17
  6709 | D:5      | Found a staircase to the Ecumenical Temple.
  6723 | D:5      | Reached skill level 1 in Fighting
  6732 | Temple   | Entered the Ecumenical Temple
  6741 | Temple   | Became a worshipper of Vehumet
  6841 | D:5      | Reached skill level 1 in Polearms
  6841 | D:5      | Reached skill level 1 in Armour
  7327 | D:5      | Learned a level 5 spell: Lee's Rapid Deconstruction
  7602 | D:5      | Reached skill level 7 in Earth Magic
  8035 | D:6      | Reached XP level 9. HP: 41/49 MP: 14/19
  9305 | D:6      | Mangled by an orc warrior

Vault maps used:
D:1:      dpeg_arrival_water_temple_mockup, st_stairs_12
D:2:      led_sif_pool, minmay_misc_feat_encased
D:3:      uniq_sigmund, uniq_iyjb
D:4:      minmay_surrounded
D:5:      minmay_temple_entry_glass, first_bread, uniq_eustachio
D:6:      minmay_misc_feat_enclosed
D:7:      uniq_joseph, uniq_pikel
Temple:   grunt_circular_temple_18

Action                   |  1- 3 |  4- 6 |  7- 9 || total
-------------------------+-------+-------+-------++-------
Melee: Flail             |     1 |       |       ||     1
       Quarterstaff      |       |    76 |       ||    76
       Spear             |       |       |    78 ||    78
 Fire: Hunting sling     |       |    13 |    43 ||    56
Throw: Stone             |       |     9 |     6 ||    15
 Cast: Sandblast         |    66 |   124 |   122 ||   312
       Stoneskin         |       |    13 |    12 ||    25
  Use: Scroll            |       |       |     5 ||     5
       Potion            |       |       |     1 ||     1
  Eat: Chunk             |     1 |     8 |     6 ||    15
       Beef jerky        |     1 |     1 |     1 ||     3
       Royal jelly       |       |     1 |       ||     1
       Bread ration      |       |       |     2 ||     2
